 Dungeon Crawl Stone Soup version 0.21.0-24-g2553a33 (webtiles) character file.

681112 Jatast the Slayer (level 27, 0/177 HPs)
             Began as a Gargoyle Monk on Jan 21, 2018.
             Was the Champion of Trog.
             Slain by an azure jelly (7 damage)
             ... on level 4 of the Pits of Slime.
             The game lasted 03:12:11 (68608 turns).

Jatast the Slayer (Gargoyle Monk)                  Turns: 68608, Time: 03:12:12

Health: 0/177      AC: 47    Str: 29    XL:     27
Magic:  0/20       EV: 13    Int:  7    God:    Trog [******]
Gold:   6190       SH: 36    Dex: 10    Spells: 26/26 levels left

rFire    + + +     SeeInvis +   a - +9 demon whip (elec)
rCold    + + .     Gourm    .   t - +10 large shield of Ignorance {rN+ Int-4}
rNeg     + + .     Faith    .   x - +9 gold dragon scales
rPois    ∞         Spirit   +   B - +2 hat {MR+}
rElec    +         Reflect  .   p - +2 cloak
rCorr    +         Harm     .   j - +2 pair of gloves
MR       +++++                  k - +1 pair of boots
Stlth    ..........             u - amulet of Sloth {Spirit rF+ MR+}
HPRegen  1.39/turn              L - ring of see invisible
MPRegen  0.17/turn              v - ring of resist corrosion

@: mighty, corroded, very slightly contaminated, regenerating, invisible
A: big wings, hooves 1, blurry vision 1, clumsy 2, cold resistance 1, deformed
body, deterioration 2, dopey 1, fire resistance 1, frail 1, low mp 1, magic
resistance 1, negative energy resistance 1, screaming 3, electricity resistance,
unbreathing, petrification resistance, no potion heal 1, rot immunity,
MP-powered wands, AC +20
}: 4/15 runes: barnacled, silver, abyssal, gossamer
a: Fly, Berserk, Trog's Hand, Brothers in Arms, Burn Spellbooks, Renounce
Religion


You were on level 4 of the Pits of Slime.
You worshipped Trog.
Trog was exalted by your worship.
You were full.

You visited 9 branches of the dungeon, and saw 51 of its levels.
You visited the Abyss 1 time.
You also visited: Labyrinth, Trove, Sewer, Bailey and Ice Cave.

You collected 8069 gold pieces.
You spent 1879 gold pieces at shops.

Inventory:

Hand Weapons
 a - a +9 demon whip of electrocution (weapon)
 b - a +9 antimagic eveningstar
Missiles
 y - 5 throwing nets
 H - 67 tomahawks of returning (quivered)
Armour
 j - a +2 pair of gloves (worn)
 k - a +1 pair of boots (worn)
 p - a +2 cloak (worn)
 t - the +10 large shield of Ignorance (worn) {rN+ Int-4}
   (You found it on level 1 of the Lair of Beasts)

   It affects your intelligence (-4).
   It protects you from negative energy.
 x - +9 gold dragon scales (worn)
 B - a +2 hat of magic resistance (worn)
Jewellery
 g - an uncursed ring of protection from fire
 u - the amulet of Sloth (around neck) {Spirit rF+ MR+}
   (You found it in a treasure trove)

   [amulet of guardian spirit]

   It causes incoming damage to be split between your health and magic.
   It protects you from fire.
   It affects your resistance to hostile enchantments.
 v - a ring of resist corrosion (right hand)
 w - an uncursed amulet of guardian spirit
 z - an uncursed ring of protection from cold
 D - a +3 ring of intelligence
 K - a cursed ring of loudness
 L - a ring of see invisible (left hand)
Wands
 M - a wand of clouds (6)
 O - a wand of disintegration (28)
 Q - a wand of iceblast (52)
 R - a wand of digging (14)
 X - a wand of scattershot (4)
Scrolls
 e - 17 scrolls of identify
 f - 23 scrolls of remove curse
 m - 11 scrolls of teleportation
 n - 8 scrolls of fog
 r - 5 scrolls of magic mapping
 A - 2 scrolls of immolation
 E - a scroll of silence
 F - 2 scrolls of holy word
 J - a scroll of enchant armour
 N - 4 scrolls of fear
 Y - 4 scrolls of blinking
 Z - a scroll of summoning
Potions
 d - 7 potions of ambrosia
 h - 7 potions of heal wounds
 i - 5 potions of berserk rage
 l - 5 potions of cancellation
 o - 8 potions of might
 q - 3 potions of resistance
 s - 12 potions of brilliance
 C - 23 potions of curing
 G - 5 potions of haste
 I - 3 potions of invisibility
 P - 9 potions of agility
 U - 6 potions of lignification
 V - a potion of magic
 W - 15 potions of mutation
Comestibles
 c - 64 rations


   Skills:
 + Level 26.9 Fighting
 - Level 16.0 Maces & Flails
 - Level 12.0 Throwing
 + Level 26.2 Armour
 + Level 14.2 Dodging
 - Level 2.1 Stealth
 - Level 25.3 Shields


You had 26 spell levels left.
You didn't know any spells.

Dungeon Overview and Level Annotations

Branches:
Dungeon (15/15)            Temple (0/1) D:7            Lair (6/6) D:8
 Shoals (4/4) Lair:4       Spider (4/4) Lair:2        Slime (5/5) Lair:6
    Orc (2/2) D:11            Elf (0/3) Orc:2        Vaults (5/5) D:14
  Crypt (0/3) Vaults:3     Depths (5/5) D:15            Zot (5/5) Depths:5

Altars:
Ashenzari
Fedhas
Gozag
Ru
Trog
Uskayaw
Vehumet
Wu Jian
Yredelemnul
The Shining One

Shops:
D:9 =   D:11 ?   Orc:2 %!}*   Shoals:1 (   Shoals:3 !   Vaults:2 %
Vaults:3 [*(*   Vaults:5 %!?(}}   Depths:2 !   Depths:3 [*

Portals:
Hell: Depths:1 Depths:2 Depths:3 Depths:4 Depths:5
Abyss: Depths:2 Depths:4
Pandemonium: Depths:3
Ziggurat: Depths:5


Innate Abilities, Weirdness & Mutations

You are resistant to torment.
Your stone body is resilient. (AC +20)
You are immune to poison.
Your large and strong wings let you fly indefinitely.
You resist negative energy. (rN+)
You are resistant to electric shocks. (rElec)
You can survive without breathing.
You are immune to petrification.
You are immune to rotting.
You have large cloven feet.
Scrolls take you a little longer to read.
You are very clumsy. (Dex -4)
Your flesh is cold resistant. (rC+)
Armour fits poorly on your strangely shaped body.
Your body often deteriorates upon taking damage.
You are dopey. (Int -2)
Your flesh is heat resistant. (rF+)
You are frail. (-10% HP)
Your magical capacity is low. (-10% MP)
You are resistant to hostile enchantments. (MR+)
You frequently scream uncontrollably at your foes.
Potions are less effective at restoring your health.
You expend magic power (3 MP) to strengthen your wands.


Message History

Okay, then.
Really read with blurry vision while enemies are nearby?
The azure jelly barely misses you. You block the azure jelly's attack. x2
The azure jelly hits you but does no damage. x3
You block the azure jelly's attack. x2; The acid blob hits you.
* * * LOW HITPOINT WARNING * * *
You are splashed with acid!
The acid burns!
You resist.
* * * LOW HITPOINT WARNING * * *
The death ooze hits you but does no damage.
The death ooze closely misses you.
You begin reading the scroll.
You continue reading the scroll.
You block the azure jelly's attack.
The azure jelly hits you but does no damage. x2
You block the azure jelly's attack. You block the acid blob's attack.
The death ooze hits you!
* * * LOW HITPOINT WARNING * * *
The death ooze misses you. The acid blob misses you. The azure jelly hits you.
* * * LOW HITPOINT WARNING * * *
The azure jelly freezes you! You resist.
You die...

..##.......... #
....##........# .#
............#.#...
.................#
.................#
..........<.......
................<.
.......JJJ........
.......J@J........
.......JJJ....<...
..................
.#........#....#..
##.#....#.#......
##.............
#.............
##............
..........##


You could see 3 acid blobs, 3 azure jellies and 2 death oozes.

Vanquished Creatures
  the Royal Jelly (Slime:5)
  3 orbs of fire (Zot:5)
  Mara (Depths:1)
  6 ancient liches (Zot:5)
  A juggernaut (Depths:1)
  Sojobo (Depths:2)
  Bai Suzhen (Depths:2)
  Boris (Vaults:2)
  Frederick (Vaults:3)
  Margery (Depths:5)
  3 curse toes
  3 Killer Klowns
  9 golden dragons
  Nikola (Spider:2)
  2 caustic shrikes
  2 bone dragons (Depths:5)
  Arachne (Spider:3)
  the Enchantress (Depths:1)
  3 electric golems (Zot:5)
  The ghost of Nattefrost the Slayer, an adept TeBe of Trog (Depths:1)
  2 liches
  A hellephant (Abyss:3)
  23 tentacled monstrosities
  25 Orb Guardians (Zot:5)
  6 quicksilver dragons
  9 titans
  10 acid blobs
  2 krakens
  5 tentacled starspawn
  Polyphemus (Shoals:3)
  4 sphinxes
  10 death cobs
  6 tengu reavers
  Gastronok (D:8)
  Frances (D:13)
  16 storm dragons
  16 shadow dragons
  4 draconian knights
  9 fire giants
  Ilsuiw (Shoals:4)
  A fire giant (shapeshifter) (D:15)
  21 vault wardens
  Aizul (Spider:1)
  4 ghost moths
  A balrug (Depths:1)
  8 draconian monks
  8 draconian scorchers
  6 frost giants
  8 emperor scorpions
  An iron dragon (Depths:5)
  2 deep elf elementalists (Vaults:5)
  A war gargoyle (Vaults:5)
  5 draconian shifters
  5 draconian annihilators
  4 draconian stormcallers
  28 very ugly things
  2 entropy weavers
  18 ironheart preservers
  8 spriggan defenders
  22 stone giants
  2 vampire knights (Depths:2)
  16 green draconians
  16 black draconians
  13 purple draconians
  7 starcursed masses (Abyss:3)
  7 red draconians
  6 dire elephants
  8 white draconians
  A deep elf demonologist (Vaults:3)
  13 yellow draconians
  8 spark wasps
  10 merfolk javelineers
  13 ettins
  2 deep elf death magi (Vaults:5)
  An eidolon (Vaults:3)
  A blizzard demon (Depths:1)
  12 merfolk impalers
  A death ooze (Slime:5)
  A jiangshi (Vaults:3)
  A minotaur (Lab)
  15 yaktaur captains
  The ghost of Daviar the Basher, a journeyman OpAK of Lugonu (Lair:2)
  7 great orbs of eyes
  8 fire dragons
  2 deep elf high priests (Vaults:5)
  Fannar (Orc:1)
  4 rakshasas
  16 ogre magi
  17 ice dragons
  39 vault guards
  8 hydras
  A hell beast (Depths:3)
  7 merfolk avatars
  6 spriggan air magi
  2 catoblepae
  The ghost of appiemonkey the Grappler, a novice TrBe of Trog (D:7)
  A death knight (D:15)
  18 centaur warriors
  A catoblepas (shapeshifter) (Vaults:5)
  Erica (D:8)
  53 two-headed ogres
  A dancing weapon (Vaults:5)
  2 merfolk aquamancers
  9 deep troll shamans
  9 spriggan berserkers
  3 satyrs
  A death yak (shapeshifter) (Vaults:5)
  12 death yaks
  3 tengu warriors
  A thrashing horror (Abyss:3)
  Urug (D:15)
  10 deep troll earth magi
  4 orc high priests (Orc:2)
  4 sun demons (Depths:1)
  A soul eater (Depths:3)
  10 skeletal warriors
  4 iron trolls
  3 deep elf knights (Vaults:2)
  A wretched star (Abyss:3)
  A spatial maelstrom (Abyss:3)
  7 glowing orange brains
  38 deep trolls
  3 unseen horrors
  18 hell knights
  2 shadow wraiths
  An unseen horror (shapeshifter) (D:14)
  A glowing orange brain (shapeshifter) (Depths:5)
  3 flayed ghosts
  An obsidian statue (Vaults:4)
  4 sea snakes
  A swamp dragon (shapeshifter) (Depths:4)
  5 deep elf archers
  2 kraken simulacra (Shoals:4)
  6 wizards
  A lindwurm (shapeshifter) (Vaults:1)
  The ghost of bmj180 the Cleaver, a novice HOFi (D:6)
  A tengu zombie (Depths:1)
  6 phantasmal warriors
  31 harpies
  13 orb spiders
  12 orc knights
  19 ironbrand convokers
  7 fauns
  7 necromancers
  4 orc sorcerers
  29 wolf spiders
  36 ugly things
  An orb spider (shapeshifter) (Depths:1)
  5 shining eyes
  A wolf spider (shapeshifter) (Vaults:5)
  8 cyclopes
  14 manticores
  22 deep elf magi
  2 salamanders
  3 black mambas
  2 black mambas (shapeshifter)
  17 moths of wrath
  12 merfolk sirens
  2 ice statues (IceCv)
  13 vault sentinels
  A moth of wrath (shapeshifter) (Vaults:5)
  13 water nymphs
  5 elephants
  A rust devil (Depths:3)
  A hellion (Abyss:3)
  6 spiny frogs
  3 gargoyles
  A spiny frog (shapeshifter) (Vaults:5)
  3 centaur skeletons
  3 torpor snails
  8 rime drakes
  2 komodo dragons (shapeshifter)
  A kobold demonologist (D:12)
  An efreet (D:15)
  4 ice devils (Depths:1)
  3 freezing wraiths
  An ancient zyme (Abyss:3)
  16 komodo dragons
  57 yaktaurs
  22 merfolk
  A queen bee (D:10)
  A red devil (Depths:3)
  3 tengu conjurers
  12 demonic crawlers
  A hornet (shapeshifter) (D:14)
  24 jumping spiders
  3 polar bears
  7 wind drakes
  2 tengu simulacra
  A sphinx simulacrum (Vaults:2)
  Prince Ribbit (D:8)
  7 trolls
  10 hornets
  6 raiju (Abyss:3)
  A dream sheep (Shoals:4)
  13 snapping turtles
  14 blink frogs
  51 slime creatures
  10 hippogriffs
  A meliai zombie (D:12)
  A snapping turtle (shapeshifter) (Vaults:3)
  6 flying skulls (Abyss:3)
  7 air elementals (Depths:5)
  3 small abominations (Abyss:3)
  4 shadows
  52 redbacks
  2 vampires
  23 tarantellas
  7 wyverns
  A yak (shapeshifter) (Vaults:2)
  A redback (shapeshifter) (Vaults:5)
  7 large abominations
  2 wraiths
  16 water elementals
  6 spriggans
  4 golden eyes (Slime:1)
  37 yaks
  3 basilisks
  A human (shapeshifter) (Vaults:1)
  A chaos spawn (Abyss:3)
  A neqoxec (Abyss:3)
  A yaktaur simulacrum (Depths:1)
  5 hungry ghosts
  3 wargs (Orc:2)
  4 acid dragons
  A spatial vortex (Abyss:3)
  A soldier ant (D:10)
  2 floating eyes
  10 water moccasins
  13 porcupines
  29 orc warriors
  16 ice beasts
  A hornet zombie (D:15)
  A phantom (D:12)
  3 sky beasts
  2 black bears
  19 wolves
  A black bear (shapeshifter) (Vaults:2)
  42 ogres
  3 eyes of draining
  5 boggarts
  38 centaurs
  A crocodile (shapeshifter) (Vaults:2)
  13 crocodiles
  11 big kobolds
  2 earth elementals
  23 bullfrogs
  A glowing shapeshifter simulacrum (Depths:3)
  7 scorpions
  A water moccasin skeleton (D:4)
  21 killer bees
  A howler monkey (D:10)
  4 wights (D:6)
  A spriggan skeleton (Lab)
  7 electric eels
  13 crimson imps
  3 quasits
  2 bullfrog zombies
  2 centaur zombies
  7 hounds
  15 jellies
  14 orc priests
  16 orc wizards
  4 bullfrog skeletons
  4 iguanas
  An iron imp (Abyss:3)
  A killer bee zombie (D:7)
  14 worker ants
  3 hound zombies
  A worker ant zombie (D:7)
  13 adders
  20 gnolls
  3 river rats
  2 shadow imps
  7 white imps (Depths:1)
  9 oozes
  7 worms
  A dart slug (D:2)
  5 leopard geckos
  76 orcs
  5 ball pythons
  3 bats
  2 giant cockroaches (D:6)
  7 goblins
  21 hobgoblins
  6 jackals
  9 quokkas
  9 frilled lizards
  43 kobolds
  18 rats
  A spectral orc (D:8)
  8 starspawn tentacles
  9 tentacles
2321 creatures vanquished.

Vanquished Creatures (collateral kills)
  The ghost of Gorglomux the Conqueror, a legendary GrAE of the Shining One (Zot:5)
  A quicksilver dragon (Zot:5)
  3 hydras (D:13)
  2 moths of wrath (Zot:5)
  A kobold demonologist (D:13)
  A basilisk (D:13)
  An ogre (D:13)
  8 killer bees (D:10)
  A crimson imp (D:13)
  A bullfrog skeleton (D:13)
20 creatures vanquished.

Vanquished Creatures (others)
  A fire giant (Depths:2)
  A spriggan air mage (Depths:5)
  A deep troll (Depths:5)
  A wizard (D:5)
  2 jumping spiders
  A dream sheep (Shoals:4)
  A spriggan (Depths:5)
  An orc warrior (Orc:2)
  An ogre (Vaults:5)
  A killer bee (D:10)
  A crimson imp (Depths:1)
  An orc (D:12)
  A kobold (D:13)
  5 fungi
  35 plants
  15 starspawn tentacles
  28 tentacles
97 creatures vanquished.

Grand Total: 2438 creatures vanquished

Notes
Turn   | Place    | Note
-------+----------+-------------------------------------------
     0 | D:1      | Jatast the Gargoyle Monk began the quest for the Orb.
     0 | D:1      | Reached XP level 1. HP: 14/14 MP: 1/1
    15 | D:1      | Noticed a merfolk zombie
   350 | D:1      | Reached XP level 2. HP: 20/20 MP: 2/2
   710 | D:1      | Reached XP level 3. HP: 23/24 MP: 3/3
  1496 | D:2      | Reached XP level 4. HP: 13/30 MP: 4/4
  2157 | D:3      | Found an ornate altar of the Wu Jian Council.
  2176 | D:3      | Reached XP level 5. HP: 34/34 MP: 5/5
  2394 | D:3      | Reached skill level 5 in Fighting
  3207 | D:4      | Reached skill level 5 in Maces & Flails
  3247 | D:4      | Reached XP level 6. HP: 37/40 MP: 6/6
  3360 | D:4      | Found a bloodstained altar of Trog.
  3517 | D:4      | Reached XP level 7. HP: 43/47 MP: 7/7
  3558 | D:4      | Found a blossoming altar of Fedhas.
  3805 | D:4      | Became a worshipper of Trog the Wrathful
  3805 | D:4      | Reached * piety under Trog
  3805 | D:4      | Reached ** piety under Trog
  3824 | D:5      | Entered Level 5 of the Dungeon
  3939 | D:5      | Found a glowing drain.
  3990 | Sewer    | Entered a sewer
  4442 | Sewer    | Reached XP level 8. HP: 46/53 MP: 8/8
  4761 | D:5      | Found a bloodstained altar of Trog.
  4762 | D:5      | Noticed a wizard
  4767 | D:5      | Killed a wizard
  4896 | D:5      | Reached *** piety under Trog
  5645 | D:6      | Noticed bmj180's ghost (novice HOFi)
  5675 | D:6      | Killed bmj180's ghost
  5675 | D:6      | Reached XP level 9. HP: 17/60 MP: 9/9
  6458 | D:6      | Reached skill level 10 in Maces & Flails
  6458 | D:6      | Reached skill level 1 in Armour
  6718 | D:6      | Reached **** piety under Trog
  6854 | D:7      | Found an opulent altar of Gozag.
  6855 | D:7      | Noticed appiemonkey's ghost (novice TrBe)
  6891 | D:7      | Killed appiemonkey's ghost
  6891 | D:7      | Reached XP level 10. HP: 47/68 MP: 10/10
  7322 | D:7      | Reached skill level 10 in Fighting
  7652 | D:7      | Found a staircase to the Ecumenical Temple.
  7826 | D:8      | Noticed Gastronok
  7913 | D:8      | Noticed Erica
  8069 | D:8      | Noticed a two-headed ogre
  8074 | D:7      | Reached skill level 5 in Armour
  8269 | D:8      | Killed a two-headed ogre
  8273 | D:8      | Killed Erica
  8273 | D:8      | Reached XP level 11. HP: 73/73 MP: 11/11
  8340 | D:8      | Found a shattered altar of Ashenzari.
  8462 | D:8      | Found a staircase to the Lair.
  8752 | D:8      | Found a basalt altar of Yredelemnul.
  9124 | D:8      | Killed Gastronok
  9210 | D:8      | Found Cireles's Magic Scroll Boutique.
  9216 | D:8      | Noticed Prince Ribbit
  9245 | D:8      | Killed Prince Ribbit
  9391 | D:8      | Found a glowing golden altar of the Shining One.
  9567 | D:9      | Found Zism's Jewellery Boutique.
  9602 | D:9      | Reached ***** piety under Trog
  9695 | D:9      | Found a radiant altar of Vehumet.
  9897 | D:9      | Found a hide-covered altar of Uskayaw.
  9928 | D:9      | Found a sacrificial altar of Ru.
 10017 | D:9      | Received a gift from Trog
 10114 | D:10     | Entered Level 10 of the Dungeon
 10506 | D:10     | Found a flagged portal.
 10534 | Bailey   | Entered a bailey
 11275 | D:10     | Noticed a two-headed ogre
 11286 | D:10     | Killed a two-headed ogre
 11286 | D:10     | Reached skill level 1 in Throwing
 11286 | D:10     | Reached XP level 12. HP: 77/81 MP: 12/12
 11382 | D:11     | Found a frozen archway.
 11418 | IceCv    | Entered an ice cave
 13286 | IceCv    | Noticed an ice dragon
 13286 | IceCv    | Noticed an ice dragon
 13287 | IceCv    | Found the macabre finger necklace {rN+}
 13312 | IceCv    | Killed an ice dragon
 13333 | IceCv    | Killed an ice dragon
 14092 | Lair:1   | Entered Level 1 of the Lair of Beasts
 14650 | Lair:1   | Found the +10 large shield of Ignorance {rN+ Int-4}
 15164 | Lair:1   | Reached skill level 1 in Shields
 15352 | Lair:2   | Found a hole to the Spider Nest.
 15765 | Lair:2   | Noticed Daviar's ghost (journeyman OpAK)
 15776 | Lair:2   | Killed Daviar's ghost
 16024 | Lair:3   | Noticed an eight-headed hydra
 16029 | Lair:3   | Killed an eight-headed hydra
 16029 | Lair:3   | Reached XP level 13. HP: 87/87 MP: 13/13
 16038 | Lair:3   | Reached skill level 10 in Armour
 16043 | Lair:3   | Received a gift from Trog
 16202 | Lair:3   | Reached skill level 5 in Throwing
 18048 | Lair:4   | Found a staircase to the Shoals.
 18371 | Lair:5   | Reached skill level 5 in Shields
 19416 | Lair:6   | Entered Level 6 of the Lair of Beasts
 19448 | Lair:6   | Received a gift from Trog
 19632 | Lair:6   | Gained mutation: Your large and strong wings let you fly indefinitely. [Gargoyle growth]
 19632 | Lair:6   | Reached XP level 14. HP: 80/96 MP: 14/14
 19778 | Lair:6   | Found an opulent altar of Gozag.
 20233 | Lair:6   | Noticed a dire elephant
 20305 | Lair:6   | Killed a dire elephant
 20359 | Lair:6   | Found a staircase to the Slime Pits.
 21074 | D:11     | Identified the Grimoire of Ice
 21286 | D:11     | Found a staircase to the Orcish Mines.
 21410 | D:11     | Reached skill level 15 in Fighting
 21476 | D:11     | Found Tyidilan's Magic Scroll Shop.
 21917 | D:12     | Reached ****** piety under Trog
 21945 | D:12     | Received a gift from Trog
 22027 | D:12     | Found a basalt altar of Yredelemnul.
 22195 | D:12     | Found a runed door.
 22316 | D:12     | Received a gift from Trog
 22402 | D:12     | Noticed a stone giant
 22415 | D:12     | Killed a stone giant
 22592 | D:13     | Reached XP level 15. HP: 103/103 MP: 15/15
 22626 | D:13     | Reached skill level 10 in Shields
 22856 | D:13     | Noticed Frances
 22875 | D:13     | Killed Frances
 22947 | D:13     | Found a labyrinth entrance.
 22955 | Lab      | Entered a labyrinth
 25155 | D:14     | Found a portal to a secret trove of treasure.
 25201 | D:14     | Received a gift from Trog
 25825 | D:14     | Found a gate to the Vaults.
 25869 | D:14     | Reached XP level 16. HP: 110/110 MP: 16/16
 25876 | D:15     | Entered Level 15 of the Dungeon
 26368 | D:15     | Noticed Urug
 26397 | D:15     | Killed Urug
 26449 | D:15     | Reached XP level 17. HP: 109/116 MP: 17/17
 26493 | D:15     | Received a gift from Trog
 26517 | D:15     | Found a staircase to the Depths.
 26860 | D:15     | Found a bloodstained altar of Trog.
 26900 | D:15     | Reached skill level 15 in Armour
 27276 | Orc:1    | Entered Level 1 of the Orcish Mines
 27284 | Orc:1    | Noticed Fannar
 27304 | Orc:1    | Killed Fannar
 27648 | Orc:2    | Entered Level 2 of the Orcish Mines
 28292 | Orc:2    | Found a staircase to the Elven Halls.
 28545 | Orc:2    | Received a gift from Trog
 28608 | Orc:2    | Gained mutation: You are clumsy. (Dex -2) [a neqoxec]
 28734 | Orc:2    | Found Nuoviwn's General Store.
 28734 | Orc:2    | Found Xefracw's Gadget Shop.
 28756 | Orc:2    | Found Loyroledgh's Distillery.
 28756 | Orc:2    | Found Oquo's Food Shop.
 28770 | Orc:2    | Bought a potion of heal wounds for 70 gold pieces
 28870 | Orc:2    | Identified the +8 chain mail "Byshraru" {rN+ rCorr} (You found it on level 2 of the Orcish Mines)
 28942 | Orc:2    | Bought a scroll of acquirement for 832 gold pieces
 29165 | Spider:1 | Entered Level 1 of the Spider Nest
 29428 | Spider:1 | Noticed Aizul
 29445 | Spider:1 | Killed Aizul
 29988 | Spider:2 | Noticed Nikola
 30018 | Spider:2 | Killed Nikola
 30018 | Spider:2 | Received a gift from Trog
 31133 | Spider:3 | Received a gift from Trog
 31141 | Spider:3 | Reached XP level 18. HP: 124/124 MP: 18/18
 31262 | Spider:3 | Noticed Arachne
 31421 | Spider:3 | Killed Arachne
 31421 | Spider:3 | Reached skill level 15 in Shields
 31741 | Spider:4 | Entered Level 4 of the Spider Nest
 32673 | Spider:4 | Received a gift from Trog
 32807 | Spider:4 | Got a gossamer rune of Zot
 33058 | Shoals:1 | Entered Level 1 of the Shoals
 33406 | Shoals:1 | Found Fiseyggi's Antique Weapon Shop.
 33756 | Shoals:1 | Reached skill level 15 in Maces & Flails
 34374 | Shoals:2 | Received a gift from Trog
 34380 | Shoals:2 | Identified the +8 flail of Autotheism {elec, Dex+4} (Trog gifted it to you on level 2 of the Shoals)
 34688 | Shoals:3 | Found Jonyw's Distillery.
 34705 | Shoals:3 | Bought 2 potions of resistance for 240 gold pieces
 34893 | Shoals:3 | Noticed Polyphemus
 34914 | Shoals:3 | Killed Polyphemus
 34941 | Shoals:3 | Reached XP level 19. HP: 132/132 MP: 19/19
 35629 | Shoals:4 | Entered Level 4 of the Shoals
 35630 | Shoals:4 | Noticed Ilsuiw
 35699 | Shoals:4 | Received a gift from Trog
 35836 | Shoals:4 | Received a gift from Trog
 36084 | Shoals:4 | Received a gift from Trog
 36456 | Shoals:4 | Killed Ilsuiw
 37040 | Shoals:4 | Got a barnacled rune of Zot
 37202 | Shoals:4 | Received a gift from Trog
 37612 | Vaults:1 | Entered Level 1 of the Vaults
 38013 | Vaults:1 | Received a gift from Trog
 38110 | Vaults:1 | Reached XP level 20. HP: 139/139 MP: 20/20
 38347 | Vaults:1 | Received a gift from Trog
 39311 | Vaults:2 | Received a gift from Trog
 39439 | Vaults:2 | Received a gift from Trog
 39802 | Vaults:2 | Received a gift from Trog
 40065 | Vaults:2 | Noticed Boris
 40095 | Vaults:2 | Killed Boris
 40433 | Vaults:2 | Found Yqedawos's Food Shop.
 40575 | Vaults:2 | Reached XP level 21. HP: 146/147 MP: 21/21
 40731 | Vaults:2 | Received a gift from Trog
 41369 | D:14     | You paid a toll of +4 ice dragon scales to enter a treasure trove
 41370 | Trove    | Entered a treasure trove
 41415 | Trove    | Got a transparent graven amulet
 41417 | Trove    | Got a flickering garnet amulet
 41419 | Trove    | Got a pitted iron amulet
 41487 | D:14     | Identified the amulet of Sloth {Spirit rF+ MR+} (You found it in a treasure trove)
 41489 | D:14     | Identified the amulet of Lisia {Spirit Str+3 Dex+4} (You found it in a treasure trove)
 41491 | D:14     | Identified the amulet of Efeask {Harm *Drain +Blink rC++ Dex-3} (You found it in a treasure trove)
 41900 | Vaults:3 | Found Abruysiu's Armour Shoppe.
 41900 | Vaults:3 | Found Reingyly's General Store.
 42019 | Vaults:3 | Received a gift from Trog
 42340 | Vaults:3 | Found a staircase to the Crypt.
 42704 | Vaults:3 | Found Siotiot's General Store.
 42778 | Vaults:3 | Noticed Frederick
 42818 | Vaults:3 | Killed Frederick
 42978 | Vaults:3 | Found Kimapalo's Armour Shoppe.
 42983 | Vaults:3 | Found Netytt's Antique Weapon Shop.
 43405 | Vaults:4 | Found an ornate altar of the Wu Jian Council.
 43443 | Vaults:4 | Received a gift from Trog
 44693 | Depths:1 | Entered Level 1 of the Depths
 44693 | Depths:1 | Noticed Mara
 44704 | Depths:1 | Noticed Jatast's illusion
 44710 | Depths:1 | Killed Mara
 44710 | Depths:1 | Reached XP level 22. HP: 140/155 MP: 20/22
 44837 | Depths:1 | Reached skill level 10 in Throwing
 45025 | Depths:1 | Noticed Nattefrost's ghost (adept TeBe)
 45072 | Depths:1 | Killed Nattefrost's ghost
 45228 | Depths:1 | Received a gift from Trog
 45654 | Depths:1 | Found a gateway to Hell.
 45716 | Depths:1 | Received a gift from Trog
 45750 | Depths:1 | Noticed the Enchantress
 45798 | Depths:1 | Killed the Enchantress
 45963 | Depths:2 | Noticed Bai Suzhen
 46035 | Depths:2 | Killed Bai Suzhen
 46260 | Depths:2 | Noticed a juggernaut
 46295 | Depths:1 | Killed a juggernaut
 46375 | Depths:2 | Noticed a caustic shrike
 46495 | Depths:1 | Killed a caustic shrike
 46728 | D:9      | Bought a cursed ring of protection from cold for 308 gold pieces
 46886 | Depths:1 | Received a gift from Trog
 47040 | Depths:2 | Found a one-way gate to the infinite horrors of the Abyss.
 47127 | Depths:2 | Reached XP level 23. HP: 124/162 MP: 17/23
 47336 | Depths:2 | Noticed Sojobo
 47363 | Depths:2 | Received a gift from Trog
 47416 | Depths:2 | Killed Sojobo
 47658 | Depths:2 | Found Losubair's Distillery.
 47689 | Depths:2 | Bought a potion of heal wounds for 115 gold pieces
 47689 | Depths:2 | Bought a potion of haste for 230 gold pieces
 47753 | Depths:2 | Received a gift from Trog
 48605 | Depths:3 | Received a gift from Trog
 48640 | Depths:3 | Identified the Reference Book on Ashen Calling
 48722 | Depths:3 | Found Duhufenu's Pet Rocks.
 49010 | Depths:3 | Found a one-way gate leading to the halls of Pandemonium.
 49063 | Depths:3 | Found Topi's Armour Boutique.
 49441 | Depths:3 | Received a gift from Trog
 49571 | Depths:3 | Noticed a caustic shrike
 49590 | Depths:3 | Killed a caustic shrike
 50474 | Depths:4 | Reached XP level 24. HP: 146/170 MP: 20/23
 51023 | Depths:5 | Entered Level 5 of the Depths
 51025 | Depths:5 | Noticed Margery
 51216 | Depths:5 | Received a gift from Trog
 52813 | Depths:5 | Reached skill level 5 in Dodging
 52828 | Depths:5 | Killed Margery
 52868 | Depths:5 | Received a gift from Trog
 53485 | Depths:5 | Found a gateway to a ziggurat.
 53786 | Depths:5 | Found a gate to the Realm of Zot.
 53914 | Depths:2 | Voluntarily entered the Abyss.
 53914 | Abyss:1  | Found a corrupted altar of Lugonu.
 54011 | Abyss:2  | Found a sacrificial altar of Ru.
 54279 | Abyss:3  | Received a gift from Trog
 54367 | Abyss:3  | Reached XP level 25. HP: 152/177 MP: 9/23
 54520 | Abyss:3  | Found a corrupted altar of Lugonu.
 54524 | Abyss:3  | Got an abyssal rune of Zot
 54866 | Depths:2 | Escaped the Abyss
 55135 | Zot:1    | Entered Level 1 of the Realm of Zot
 55995 | Zot:1    | Received a gift from Trog
 56886 | Zot:1    | Received a gift from Trog
 56978 | Zot:2    | You are sucked into a shaft!
 57129 | Zot:2    | Gained mutation: You tend to lose your temper in combat. [mutagenic glow]
 57295 | Zot:2    | Lost mutation: You are clumsy. (Dex -2) [potion of mutation]
 57295 | Zot:2    | Lost mutation: You tend to lose your temper in combat. [potion of mutation]
 57295 | Zot:2    | Gained mutation: Potions are less effective at restoring your health. [potion of mutation]
 57295 | Zot:2    | Gained mutation: Your flesh is cold resistant. (rC+) [potion of mutation]
 57295 | Zot:2    | Gained mutation: You are resistant to hostile enchantments. (MR+) [potion of mutation]
 57295 | Zot:2    | Gained mutation: Your flesh is heat resistant. (rF+) [potion of mutation]
 57361 | Zot:2    | Noticed a Killer Klown
 57526 | Zot:2    | Killed a Killer Klown
 57784 | Zot:2    | Reached XP level 26. HP: 120/184 MP: 4/23
 58267 | Zot:2    | Received a gift from Trog
 59479 | Zot:3    | Received a gift from Trog
 60467 | Zot:4    | Received a gift from Trog
 60577 | Zot:4    | Identified the +2 helmet of Grace {rCorr Str-4 Slay+3 SInv} (You found it on level 4 of the Realm of Zot)
 60612 | Zot:4    | Reached skill level 10 in Dodging
 61057 | Zot:5    | Entered Level 5 of the Realm of Zot
 61101 | Zot:5    | Noticed Gorglomux's ghost (legendary GrAE)
 61131 | Zot:5    | Killed Gorglomux's ghost
 61959 | Zot:5    | Reached XP level 27. HP: 193/193 MP: 0/23
 62542 | Zot:5    | Noticed an ancient lich
 62559 | Zot:5    | Killed an ancient lich
 62715 | Zot:5    | Noticed an ancient lich
 62715 | Zot:5    | Noticed an ancient lich
 62733 | Zot:5    | Killed an ancient lich
 62747 | Zot:5    | Killed an ancient lich
 62979 | Zot:5    | Received a gift from Trog
 63014 | Zot:5    | Noticed an ancient lich
 63058 | Zot:5    | Killed an ancient lich
 63162 | Zot:5    | Noticed an ancient lich
 63178 | Zot:5    | Killed an ancient lich
 63263 | Zot:5    | Noticed an orb of fire
 63271 | Zot:5    | Gained mutation: You expend magic power (3 MP) to strengthen your wands. [an orb of fire]
 63282 | Zot:5    | Killed an orb of fire
 63448 | Zot:5    | Noticed an orb of fire
 63453 | Zot:5    | Gained mutation: Your body sometimes deteriorates upon taking damage. [an orb of fire]
 63454 | Zot:5    | Gained mutation: You occasionally shout uncontrollably at your foes. [an orb of fire]
 63455 | Zot:5    | Gained mutation: Your body often deteriorates upon taking damage. [an orb of fire]
 63466 | Zot:5    | Noticed an ancient lich
 63479 | Zot:5    | Gained mutation: You are clumsy. (Dex -2) [an orb of fire]
 63484 | Zot:5    | Killed an orb of fire
 63504 | Zot:5    | Killed an ancient lich
 63519 | Zot:5    | Received a gift from Trog
 63856 | Zot:5    | Received a gift from Trog
 63931 | Zot:5    | Noticed an orb of fire
 63944 | Zot:5    | Gained mutation: You are weak. (Str -2) [an orb of fire]
 63960 | Zot:5    | Gained mutation: You have large cloven feet. [an orb of fire]
 63969 | Zot:5    | Lost mutation: You are weak. (Str -2) [an orb of fire]
 63972 | Zot:5    | Killed an orb of fire
 64691 | Depths:3 | Received a gift from Trog
 64962 | Vaults:5 | Entered Level 5 of the Vaults
 65393 | Vaults:5 | Received a gift from Trog
 65519 | Vaults:5 | Received a gift from Trog
 65639 | Vaults:5 | Received a gift from Trog
 65848 | Vaults:5 | Received a gift from Trog
 66269 | Vaults:5 | Got a silver rune of Zot
 66301 | Vaults:5 | Found Rituas's Magic Scroll Emporium.
 66316 | Vaults:5 | Found Apaarch's Food Shop.
 66316 | Vaults:5 | Found Hasih's Distillery.
 66327 | Vaults:5 | Bought a potion of might for 84 gold pieces
 66692 | Vaults:5 | Found Ceuprawate's Antique Weapon Shoppe.
 66738 | Vaults:5 | Found Juots's Gadget Shoppe.
 66808 | Vaults:5 | Found Zegiett's Gadget Shoppe.
 67434 | Slime:1  | Entered Level 1 of the Pits of Slime
 67691 | Slime:3  | Gained mutation: Scrolls take you a little longer to read. [a shining eye]
 67705 | Slime:3  | Received a gift from Trog
 68047 | Slime:5  | Entered Level 5 of the Pits of Slime
 68062 | Slime:5  | Gained mutation: You sometimes yell uncontrollably at your foes. [a shining eye]
 68080 | Slime:5  | Gained mutation: Armour fits poorly on your strangely shaped body. [a shining eye]
 68080 | Slime:5  | Gained mutation: Your magical capacity is low. (-10% MP) [a shining eye]
 68083 | Slime:4  | Gained mutation: You are frail. (-10% HP) [a shining eye]
 68267 | Slime:5  | Gained mutation: You frequently scream uncontrollably at your foes. [a shining eye]
 68273 | Slime:5  | Noticed the Royal Jelly
 68273 | Slime:5  | Gained mutation: You are very clumsy. (Dex -4) [a shining eye]
 68505 | Slime:5  | Gained mutation: You are dopey. (Int -2) [a shining eye]
 68599 | Slime:5  | Killed the Royal Jelly
 68608 | Slime:4  | HP: 7/177 [azure jelly (5)]
 68608 | Slime:4  | Slain by an azure jelly

Skill      XL: |  1  2  3  4  5  6  7  8  9 10 11 12 13 14 15 16 17 18 19 20 21 22 23 24 25 26 27 |
---------------+----------------------------------------------------------------------------------+-----
Fighting       | 4 5 6 7 8 9 10 11 12 14 15 16 17 18 19 20 21 22 23 24 25 26 | 26.9
Maces & Flails | 4 5 7 9 11 12 13 14 15 16 | 16.0
Armour         | 4 6 8 9 11 13 14 16 17 18 19 20 21 22 23 24 26 | 26.2
Throwing       | 1 4 6 9 12 | 12.0
Shields        | 2 7 9 12 13 14 15 17 18 19 20 21 22 23 25 | 25.3
Dodging        | 6 8 10 14 | 14.2
Stealth        | |  2.1

Action                   |  1- 3 |  4- 6 |  7- 9 | 10-12 | 13-15 | 16-18 | 19-21 | 22-24 | 25-27 || total
-------------------------+-------+-------+-------+-------+-------+-------+-------+-------+-------++-------
Melee: Mace              |   121 |   224 |   425 |       |       |       |       |       |       ||   770
       Flail             |       |       |    38 |  1253 |   510 |       |       |       |       ||  1801
       Demon whip        |       |       |       |       |   881 |  1798 |  1928 |  1945 |  1732 ||  8284
       Eveningstar       |       |       |       |       |       |       |   341 |   683 |  1665 ||  2689
Throw: Tomahawk          |       |       |       |    65 |    21 |    67 |    12 |    19 |   155 ||   339
Invok: Berserk           |       |       |     5 |     8 |     2 |     2 |     1 |     3 |     1 ||    22
       Trog's Hand       |       |       |       |     3 |       |     1 |     1 |     2 |     7 ||    14
       Brothers in Arms  |       |       |       |     1 |     1 |       |       |       |     6 ||     8
       Burn Spellbooks   |       |       |       |       |     1 |     2 |     2 |     4 |       ||     9
 Abil: Evoke Flight      |       |       |       |     1 |     1 |       |       |       |       ||     2
       Fly               |       |       |       |       |     1 |     1 |       |     1 |       ||     3
       Stop Flying       |       |       |       |       |     1 |       |       |     1 |     1 ||     3
Evoke: Wand              |       |       |     6 |    41 |       |     4 |     8 |       |       ||    59
  Use: Scroll            |       |     6 |    10 |     8 |    13 |     6 |    10 |    22 |    12 ||    87
       Potion            |       |       |       |    10 |     1 |     1 |     1 |       |     3 ||    16
 Stab: Sleeping          |     3 |     1 |       |       |       |       |       |       |       ||     4
       Petrified         |       |       |       |       |       |     5 |       |       |       ||     5
  Eat: Chunk             |     2 |     7 |    15 |    18 |    28 |    31 |    34 |    35 |    10 ||   180
       Ration            |       |       |       |     7 |     2 |     1 |       |     1 |    15 ||    26
Armor: Robe              |    12 |       |       |       |       |       |       |       |       ||    12
       Ring mail         |    45 |   119 |   156 |       |       |       |       |       |       ||   320
       Plate armour      |       |       |    88 |  1140 |   412 |       |       |       |       ||  1640
       Scale mail        |       |       |       |       |    38 |   108 |       |       |       ||   146
       Chain mail        |       |       |       |       |       |   594 |   657 |   747 |       ||  1998
       Gold dragon scale |       |       |       |       |       |       |       |    40 |  1270 ||  1310
Dodge: Dodged            |    69 |   125 |   195 |   477 |    69 |   263 |   226 |   305 |   479 ||  2208
Block: Large shield      |       |       |       |    89 |  1214 |  2099 |  2469 |  2618 |  3704 || 12193
